 Dungeon Crawl Stone Soup version 0.29-a0-378-gc08b2e8bf8 (webtiles) character file.

Game seed: 3791062469519702390

601 Bruhh the Carver (level 7, -21/52 HPs)
             Began as a Human Monk on May 5, 2022.
             Was an Initiate of Gozag.
             Demolished by an ogre
             ... wielding a +0 giant club
              (23 damage)
             ... on level 6 of the Dungeon.
             The game lasted 00:08:49 (4949 turns).

Bruhh the Carver (Human Monk)                       Turns: 4949, Time: 00:08:50

Health: -21/52     AC:  6    Str: 11    XL:     7   Next: 69%
Magic:  0/7        EV: 12    Int: 11    God:    Gozag
Gold:   629        SH:  0    Dex: 23    Spells: 6/6 levels left

rFire   . . .      SeeInvis .   a - +0 falchion
rCold   . . .      Faith    .   (no shield)
rNeg    . . .      Spirit   +   j - +0 ring mail
rPois   .          Reflect  .   (no helmet)
rElec   .          Harm     .   (no cloak)
rCorr   .          Rampage  .   (no gloves)
Will    .....                   t - +0 pair of boots
Stlth   ++........              i - amulet of guardian spirit
HPRegen 0.17/turn               y - +6 ring of dexterity
MPRegen 0.10/turn               (no ring)

@: marked, slowed, very slow
A: no striking features
a: Renounce Religion, Potion Petition, Call Merchant, Bribe Branch


You were on level 6 of the Dungeon.
You worshipped Gozag.
Gozag was pleased with you.
You visited 1 branch of the dungeon, and saw 8 of its levels.

You collected 629 gold pieces.

Inventory:

Hand Weapons
 a - a +0 falchion (weapon)
Armour
 b - a +0 robe
 j - a +0 ring mail (worn)
 t - a +0 pair of boots (worn)
Jewellery
 i - an amulet of guardian spirit (around neck)
 y - a +6 ring of dexterity (left hand)
 B - a ring of ice
Wands
 o - a wand of paralysis (13)
 r - a wand of charming (14)
 x - a wand of iceblast (13)
Scrolls
 d - a scroll of magic mapping {unknown}
 e - 9 scrolls of identify {unknown}
 g - a scroll of immolation {unknown}
 h - a scroll of fear {unknown}
 l - 2 scrolls of poison {unknown}
 p - a scroll of noise {unknown}
 q - 2 scrolls of teleportation {unknown}
 s - 2 scrolls of vulnerability {unknown}
 u - 2 scrolls of enchant weapon {unknown}
 v - a scroll of fog {unknown}
Potions
 c - 2 potions of ambrosia
 f - a potion of haste
 m - a potion of might {unknown}
 n - a potion of brilliance {unknown}
 w - a potion of cancellation {unknown}
 z - a potion of magic {unknown}
 A - a potion of lignification


   Skills:
 - Level 3.0 Fighting
 + Level 8.4 Long Blades
 - Level 3.0 Dodging
 - Level 2.0 Stealth


You had 6 spell levels left.
You didn't know any spells.
Your spell library contained the following spells:

 Spells                   Type           Power      Damage    Failure   Level
 Passage of Golubria      Tloc           0%         N/A       100%        4
 Silence                  Hex/Air        0%         N/A       100%        5
 Malign Gateway           Summ/Tloc      0%         N/A       100%        7
 Lehudib's Crystal Spear  Conj/Erth      0%         10d2      100%        8
 Summon Horrible Things   Summ           0%         N/A       100%        8


Dungeon Overview and Level Annotations

Branches:
Dungeon (8/15)
 Temple: D:4-7         Lair: D:8-11

Altars:
Gozag

Shops:
D:1 [


Message History

B - a ring of ice A kobold is nearby!
A kobold comes into view. It is wielding a +0 club.
A kobold brigand comes into view.
It is wielding a +0 short sword and quivering curare-tipped darts.
The kobold shouts!
The kobold unwields a +0 whip.
The kobold wields a +0 hand crossbow.
The kobold shoots a bolt.
The bolt hits you but does no damage.
The ogre pulls the alarm!
The alarm trap emits a blaring wail!
A sentinel's mark forms upon you.
An ogre comes into view. It is wielding a +0 giant club.
You hear an angry hiss.
You hear a shout! x6; You hear an angry hiss. x3
The kobold shoots a bolt.
The bolt misses you.
An iguana comes into view.
The kobold shoots a bolt.
The bolt hits you but does no damage.
The kobold brigand throws a curare-tipped dart.
The curare-tipped dart hits you.
You are poisoned.
You have difficulty breathing.
You feel yourself slow down.
An ogre comes into view. It is wielding a +0 giant club.
You feel extremely sick.
You feel very sick.
There is a stone staircase leading down here.
You hit the ogre.
The ogre is lightly wounded.
You feel very sick.
The ogre hits you with a +0 giant club!!
* * * LOW HITPOINT WARNING * * *
The kobold shoots a bolt.
The bolt hits you.
* * * LOW HITPOINT WARNING * * *
Okay, then.
You feel better.
The kobold shoots a bolt.
The bolt hits you but does no damage. The ogre closely misses you.
An adder and a scorpion come into view.
The ogre hits you with a +0 giant club!!
* * * LOW HITPOINT WARNING * * *
The scorpion moves out of view.
The ogre hits you with a +0 giant club!!
You die...
Your body crumbles into a pile of gold.

#...... ...... .
#....## ....
##.....#
....##......#
....#......##
.......<....#.#
#..#.@......#. .
#..#O...##....
#.)##..>#S###....
........##s..(.#
..####.........#
# ###..K..#..
.#.####...## .
.........##
.#.....K##


You could see an ogre, a scorpion, an adder and a kobold.

Vanquished Creatures
  A sky beast (D:8)
  A phantom (D:4)
  A necrophage (D:4)
  A scorpion (D:5)
  A hound (D:3)
  A gnoll shaman (D:7)
  Jessica (D:3)
  Ijyb (D:4)
  7 gnolls
  6 adders
  A worm (D:3)
  4 dart slugs
  10 orcs
  8 ball pythons
  5 endoplasms
  A giant cockroach (D:1)
  6 goblins
  8 hobgoblins
  2 jackals (D:3)
  4 kobolds
  4 quokkas
  5 bats
  A frilled lizard (D:1)
  2 rats
82 creatures vanquished.

Notes
Turn   | Place    | Note
-------+----------+-------------------------------------------
     0 | D:1      | Bruhh the Human Monk began the quest for the Orb.
     0 | D:1      | Reached XP level 1. HP: 18/18 MP: 1/1
   112 | D:1      | Reached XP level 2. HP: 17/24 MP: 2/2
   492 | D:1      | Found a faded altar of an unknown god.
   500 | D:1      | Prayed at the altar of an unknown god.
   500 | D:1      | Became a worshipper of Gozag Ym Sagoz the Greedy
   519 | D:1      | Found Paseh's Antique Armour Boutique.
   744 | D:1      | Reached skill level 4 in Long Blades
   744 | D:1      | Reached XP level 3. HP: 29/29 MP: 3/3
  1507 | D:2      | Reached XP level 4. HP: 35/35 MP: 4/4
  1965 | D:3      | Reached skill level 5 in Long Blades
  2252 | D:3      | Noticed Jessica
  2263 | D:3      | Killed Jessica
  2264 | D:3      | Reached XP level 5. HP: 39/41 MP: 3/5
  2810 | D:3      | Reached skill level 6 in Long Blades
  2967 | D:4      | Reached XP level 6. HP: 32/47 MP: 6/6
  3378 | D:4      | Reached skill level 7 in Long Blades
  3704 | D:4      | Noticed Ijyb
  3715 | D:4      | Killed Ijyb
  3716 | D:4      | Reached XP level 7. HP: 36/52 MP: 4/7
  4064 | D:5      | Entered Level 5 of the Dungeon
  4329 | D:5      | You fall into a shaft and drop 3 floors!
  4347 | D:8      | Reached skill level 8 in Long Blades
  4948 | D:6      | HP: 2/52 [ogre/+0 giant club (16)]
  4949 | D:6      | Demolished by an ogre

Illustrated notes

Levels and vault maps discovered:
D:1:      saegor_arrival_simple_e, layout_rooms,
          dreamdust_ecumenical_altar_hidden_monk_grotto, serial_shops,
          nicolae_shop_statue_plus
D:2:      kennysheep_big_flooded_room, layout_rooms
D:3:      layout_loops_ring, uniq_jessica
D:4:      layout_gridville, uniq_ijyb
D:5:      layout_layer_cave, grunt_ashenzari_visionary
          [grunt_ashenzari_visionary_swamp, grunt_ashenzari_visionary_snake],
          grunt_ministairs_15, uniq_eustachio
D:6:      layout_cave_pools, minmay_temple_entry_drinking_statues
D:7:      layout_loops_ring, pf_guarded_unrand_woodcutter
D:8:      layout_basic, serial_glass, glass_columns_b, glass_columns_a,
          corexii_leaking_fountain, serial_bayou_lake_a

Skill      XL: |  1  2  3  4  5  6  7 |
---------------+----------------------+-----
Long Blades    | 4 5 6 7 8 |  8.4
Fighting       | |  3.0
Dodging        | |  3.0
Stealth        | |  2.0

Action                   |  1- 3 |  4- 6 |  7- 9 || total
-------------------------+-------+-------+-------++-------
Melee: Falchion          |    87 |   190 |    66 ||   343
       Punch             |       |     3 |     4 ||     7
  Use: Potion            |       |     1 |     6 ||     7
 Stab: Sleeping          |     3 |     1 |       ||     4
Armor: Robe              |    17 |       |       ||    17
       Ring mail         |     9 |    47 |    24 ||    80
       Skin              |       |    12 |    40 ||    52
Dodge: Dodged            |    64 |   116 |    48 ||   228

Table legend: (Time is in decaauts)
 A = Elapsed time spent in this place.
 B = Non-inter-level travel time spent in this place.
 C = Inter-level travel time spent in this place.
 D = Time resting spent in this place.
 E = Time spent auto-exploring this place.
 F = Levels seen in this place.
 G = Mean time per level.
                   A        B        C        D        E       F      G
               +--------+--------+--------+--------+--------+-----+--------+
         Total |   4945 |   4789 |    156 |    144 |   3734 |   8 |  618.1 |
       Dungeon |   4945 |   4789 |    156 |    144 |   3734 |   8 |  618.1 |
               +--------+--------+--------+--------+--------+-----+--------+

Top non-repeatable levels by time:
     D:4: 1382 daAuts
     D:1: 1214 daAuts
     D:3: 1184 daAuts
     D:2: 471 daAuts
     D:7: 329 daAuts
     D:8: 260 daAuts
     D:5: 75 daAuts
     D:6: 27 daAuts
